| TOP OF THE 1ST |
|
Tulsa Drillers batting - Pitching for Mobile BayBears : RHP Mike Fritz
|
|
Pitching: RHP Mike Fritz
|
|
|
Batting: RHB Seth Tramontano
|
0-0: Called Strike 0-1: Foul Ball, location: 2F 0-2: SINGLE (Line Drive, 9S, EV 99.4 MPH)
|
|
Batting: LHB Hyoji Toda
|
0-0: Called Strike 0-1: Ball 1-1: Called Strike 1-2: Foul Ball, location: 2F 1-2: Ball 2-2: Foul Ball, location: 2F 2-2: Fly out, F4 (Flyball, 4D, EV 88.8 MPH)
|
|
Batting: SHB Shane Marcum
|
0-0: Ball 1-0: Called Strike 1-1: SINGLE (Groundball, 34D, EV 93.8 MPH) Seth Tramontano to second Runner from 2nd tries for 3rd, SAFE, throw by RF made to third
|
|
Batting: LHB Steve Pond
|
0-0: Called Strike 0-1: Swinging Strike 0-2: Foul Ball, location: 2F 0-2: Strikes out swinging
|
|
Batting: LHB Chris Fandino
|
0-0: Ball 1-0: Ball 2-0: Ball 3-0: Called Strike 3-1: Foul Ball, location: 2F 3-2: DOUBLE (Flyball, 8RXD, EV 96.9 MPH) Seth Tramontano scores Shane Marcum to third Shane Marcum scores
|
|
Pitching: LHP Eric Dennis
|
|
|
Batting: RHB John Piccolo
|
0-0: Ball 1-0: Ball 2-0: Called Strike 2-1: Fly out, F8 (Line Drive, 8LD, EV 106.9 MPH)
|
| Top of the 1st over - 2 runs, 3 hits, 0 errors, 1 left on base; Tulsa 2 - Mobile 0 |
| BOTTOM OF THE 1ST |
|
Mobile BayBears batting - Pitching for Tulsa Drillers : RHP Victor Torres
|
|
Pitching: RHP Victor Torres
|
|
|
Batting: LHB Kevin Ferguson
|
0-0: Ball 1-0: Foul Ball, location: 2F 1-1: SINGLE (Line Drive, 8LS, EV 100.0 MPH)
|
|
Batting: LHB T.J. Duvall
|
0-0: Ball Kevin Ferguson steals 2nd base 1-0: Ball 2-0: Called Strike 2-1: Foul Ball, location: 2F 2-2: Ball 3-2: Strikes out swinging
|
|
Batting: LHB Willie Gutierrez
|
0-0: Called Strike 0-1: Swinging Strike 0-2: Fly out, F8 (Flyball, 8LD, EV 86.9 MPH) Runner from 2nd tags up, SAFE at 3rd with throw by CF
|
|
Batting: RHB Edgar Garcia
|
0-0: Called Strike 0-1: Swinging Strike 0-2: Strikes out looking
|
| Bottom of the 1st over - 0 runs, 1 hit, 0 errors, 1 left on base; Tulsa 2 - Mobile 0 |
| TOP OF THE 2ND |
|
Tulsa Drillers batting - Pitching for Mobile BayBears : LHP Eric Dennis
|
|
Batting: RHB Terry Jarrells
|
0-0: Ball 1-0: Ball 2-0: Foul Ball, location: 2F 2-1: Foul Ball, location: 2F 2-2: Strikes out looking
|
|
Batting: RHB Mike Plugge
|
0-0: Ball 1-0: Foul Ball, location: 2F 1-1: Called Strike 1-2: Fly out, F7 (Flyball, 78D, EV 91.9 MPH)
|
|
Batting: RHB Jerry Sanchez
|
0-0: Ground out 5-3 (Groundball, 5, EV 90.6 MPH)
|
| Top of the 2nd over - 0 runs, 0 hits, 0 errors, 0 left on base; Tulsa 2 - Mobile 0 |
| BOTTOM OF THE 2ND |
|
Mobile BayBears batting - Pitching for Tulsa Drillers : RHP Victor Torres
|
|
Batting: RHB Marlon Reda
|
0-0: Called Strike 0-1: Called Strike 0-2: Ground out 4-3 (Groundball, 4MS, EV 77.5 MPH)
|
|
Batting: RHB Chris Bittner
|
0-0: Ball 1-0: Ball 2-0: Ball 3-0: Called Strike 3-1: Base on Balls
|
|
Batting: RHB Andy Schuett
|
0-0: Ball 1-0: 2-RUN HOME RUN (Flyball, 7LD, EV 95.0 MPH), Distance : 338 ft
|
|
Batting: RHB Yasuo Nakata
|
0-0: Called Strike 0-1: Foul Ball, location: 2F 0-2: Strikes out looking
|
|
Batting: RHB Curt Barrett
|
0-0: Foul Ball, location: 2F 0-1: Ground out 6-3 (Groundball, 6D, EV 82.5 MPH)
|
| Bottom of the 2nd over - 2 runs, 1 hit, 0 errors, 0 left on base; Tulsa 2 - Mobile 2 |
| TOP OF THE 3RD |
|
Tulsa Drillers batting - Pitching for Mobile BayBears : LHP Eric Dennis
|
|
Batting: RHB Seth Tramontano
|
0-0: Ball 1-0: Fly out, F8 (Flyball, 8LD, EV 97.5 MPH)
|
|
Batting: LHB Hyoji Toda
|
0-0: Swinging Strike 0-1: Called Strike 0-2: Strikes out looking
|
|
Pitching: RHP Rich Garces
|
|
|
Batting: SHB Shane Marcum
|
0-0: Called Strike 0-1: Foul Ball, location: 2F 0-2: Ball 1-2: Ball 2-2: Ground out 4-3 (Groundball, 4, EV 105.6 MPH)
|
| Top of the 3rd over - 0 runs, 0 hits, 0 errors, 0 left on base; Tulsa 2 - Mobile 2 |
| BOTTOM OF THE 3RD |
|
Mobile BayBears batting - Pitching for Tulsa Drillers : RHP Victor Torres
|
|
Batting: LHB Kevin Ferguson
|
0-0: Called Strike 0-1: DOUBLE (Line Drive, 89D, EV 103.8 MPH)
|
|
Batting: LHB T.J. Duvall
|
0-0: Ball 1-0: Foul Ball, location: 2F 1-1: SINGLE (Groundball, 25, EV 72.5 MPH) (infield hit) Kevin Ferguson to third
|
|
Batting: LHB Willie Gutierrez
|
0-0: Foul Ball, location: 2F 0-1: Ball Wild Pitch! Kevin Ferguson scores T.J. Duvall to second 1-1: DOUBLE (Line Drive, 89D, EV 103.8 MPH) T.J. Duvall scores
|
|
Batting: RHB Edgar Garcia
|
0-0: Called Strike 0-1: Foul Ball, location: 2F 0-2: Ball 1-2: SINGLE (Line Drive, 6D, EV 100.0 MPH) Willie Gutierrez to third
|
|
Batting: RHB Marlon Reda
|
0-0: Grounds into double play, 6-4-3 (Groundball, 6, EV 107.5 MPH) Willie Gutierrez scores
|
|
Batting: RHB Chris Bittner
|
0-0: Ball 1-0: Ball 2-0: Ball 3-0: Called Strike 3-1: Swinging Strike 3-2: Ground out 5-3 (Groundball, 5S, EV 81.2 MPH)
|
| Bottom of the 3rd over - 3 runs, 4 hits, 0 errors, 0 left on base; Tulsa 2 - Mobile 5 |
| TOP OF THE 4TH |
|
Tulsa Drillers batting - Pitching for Mobile BayBears : RHP Rich Garces
|
|
Batting: LHB Steve Pond
|
0-0: Swinging Strike 0-1: Swinging Strike 0-2: Ball 1-2: Ground out 6-3 (Groundball, 6M, EV 102.5 MPH)
|
|
Batting: LHB Chris Fandino
|
0-0: Foul Ball, location: 2F 0-1: Ball 1-1: Swinging Strike 1-2: Foul Ball, location: 2F 1-2: Ground out 5-3 (Groundball, 56, EV 103.1 MPH)
|
|
Batting: RHB John Piccolo
|
0-0: Ball 1-0: Ground out U3 (Groundball, 34, EV 106.9 MPH)
|
| Top of the 4th over - 0 runs, 0 hits, 0 errors, 0 left on base; Tulsa 2 - Mobile 5 |
| BOTTOM OF THE 4TH |
|
Mobile BayBears batting - Pitching for Tulsa Drillers : RHP Victor Torres
|
|
Batting: RHB Andy Schuett
|
0-0: Ball 1-0: Ground out 6-3 (Groundball, 6, EV 86.9 MPH)
|
|
Batting: RHB Yasuo Nakata
|
0-0: Called Strike 0-1: Ball 1-1: SINGLE (Groundball, 6M, EV 84.4 MPH) (infield hit)
|
|
Batting: RHB Curt Barrett
|
0-0: SINGLE (Line Drive, 7LM, EV 110.0 MPH) Yasuo Nakata to second
|
|
Pitching: RHP Josh Weiser
|
|
|
Batting: LHB Kevin Ferguson
|
0-0: Ball 1-0: Ball 2-0: Ball 3-0: Called Strike 3-1: Base on Balls Yasuo Nakata to third Curt Barrett to second
|
|
Batting: LHB T.J. Duvall
|
0-0: Called Strike 0-1: Fielders Choice at 2nd, 3-6 (Groundball, 3, EV 77.5 MPH) Yasuo Nakata scores Curt Barrett to third
|
|
Batting: LHB Willie Gutierrez
|
0-0: Ball 1-0: Swinging Strike 1-1: Foul Ball, location: 2F 1-2: Ball 2-2: Strikes out swinging
|
| Bottom of the 4th over - 1 run, 2 hits, 0 errors, 2 left on base; Tulsa 2 - Mobile 6 |
| TOP OF THE 5TH |
|
Tulsa Drillers batting - Pitching for Mobile BayBears : RHP Rich Garces
|
|
Batting: RHB Terry Jarrells
|
0-0: Ball 1-0: Swinging Strike 1-1: Called Strike 1-2: Ground out 5-3 (Groundball, 56, EV 90.6 MPH)
|
|
Pitching: LHP Juan Perez
|
|
|
Batting: RHB Mike Plugge
|
0-0: Called Strike 0-1: Ball 1-1: Foul Ball, location: 2F 1-2: Ground out 5-3 (Groundball, 56S, EV 71.9 MPH)
|
|
Batting: RHB Jerry Sanchez
|
0-0: Ball 1-0: SINGLE (Line Drive, 4D, EV 103.8 MPH)
|
|
Batting: RHB Seth Tramontano
|
0-0: Ball 1-0: Swinging Strike 1-1: Swinging Strike 1-2: Fielders Choice at 2nd, 5-4 (Groundball, 5, EV 104.4 MPH)
|
| Top of the 5th over - 0 runs, 1 hit, 0 errors, 1 left on base; Tulsa 2 - Mobile 6 |
| BOTTOM OF THE 5TH |
|
Mobile BayBears batting - Pitching for Tulsa Drillers : RHP Josh Weiser
|
|
Batting: RHB Edgar Garcia
|
0-0: Called Strike 0-1: Reached on error, E5 (Groundball, 56S, EV 68.1 MPH)
|
|
Batting: RHB Marlon Reda
|
0-0: Ball 1-0: Foul Ball, location: 2F 1-1: Swinging Strike 1-2: Foul Ball, location: 2F 1-2: Ball 2-2: Strikes out looking
|
|
Batting: RHB Chris Bittner
|
Pickoff Play to 1st, Runner tries for 2nd, SAFE after rundown. 0-0: Ball 1-0: Ball 2-0: Ball 3-0: Called Strike 3-1: Foul Ball, location: 2F 3-2: SINGLE (Flyball, 6MD, EV 96.9 MPH) Edgar Garcia to third
|
|
Batting: RHB Andy Schuett
|
0-0: Ball 1-0: Ball 2-0: Called Strike 2-1: Swinging Strike 2-2: Strikes out swinging
|
|
Batting: RHB Yasuo Nakata
|
0-0: Ball 1-0: Ground out 5-3 (Groundball, 56S, EV 91.9 MPH)
|
| Bottom of the 5th over - 0 runs, 1 hit, 1 error, 2 left on base; Tulsa 2 - Mobile 6 |
| TOP OF THE 6TH |
|
Tulsa Drillers batting - Pitching for Mobile BayBears : LHP Juan Perez
|
|
Pinch Hitting: RHB Sam Saunders
|
0-0: Called Strike 0-1: Fly out, F8 (Flyball, 8LD, EV 96.9 MPH)
|
|
Batting: SHB Shane Marcum
|
0-0: Called Strike 0-1: Swinging Strike 0-2: Foul Ball, location: 2F 0-2: Foul Ball, location: 2F 0-2: Foul Ball, location: 2F 0-2: Fly out, F6 (Line Drive, 6, EV 69.4 MPH)
|
|
Pinch Hitting: RHB Alex Mejia
|
0-0: Ball 1-0: Fly out, F9 (Flyball, 9, EV 90.0 MPH)
|
| Top of the 6th over - 0 runs, 0 hits, 0 errors, 0 left on base; Tulsa 2 - Mobile 6 |
| BOTTOM OF THE 6TH |
|
Mobile BayBears batting - Pitching for Tulsa Drillers : RHP Josh Weiser
|
|
Now in LF: Seth Tramontano
|
|
|
Now in CF: Alex Mejia
|
|
|
Now in RF: Sam Saunders
|
|
|
Batting: RHB Curt Barrett
|
0-0: Called Strike 0-1: Foul Ball, location: 2F 0-2: Ground out 5-3 (Groundball, 5, EV 78.8 MPH)
|
|
Batting: LHB Kevin Ferguson
|
0-0: Called Strike 0-1: Ball 1-1: Ball 2-1: Ball 3-1: Base on Balls
|
|
Batting: LHB T.J. Duvall
|
0-0: Ball 1-0: Ball 2-0: Ball Kevin Ferguson steals 2nd base (no throw) 3-0: Called Strike 3-1: DOUBLE (Groundball, 5L, EV 98.8 MPH) Kevin Ferguson scores
|
|
Batting: LHB Willie Gutierrez
|
0-0: Called Strike 0-1: Ball 1-1: Called Strike 1-2: Ball 2-2: Strikes out swinging
|
|
Pitching: RHP Arturo Naranjo
|
|
|
Batting: RHB Edgar Garcia
|
0-0: Fly out, F5 (Popup, 5F, EV 58.8 MPH)
|
| Bottom of the 6th over - 1 run, 1 hit, 0 errors, 1 left on base; Tulsa 2 - Mobile 7 |
| TOP OF THE 7TH |
|
Tulsa Drillers batting - Pitching for Mobile BayBears : LHP Juan Perez
|
|
Batting: LHB Chris Fandino
|
0-0: Ball 1-0: Ball 2-0: Ball 3-0: Called Strike 3-1: Base on Balls
|
|
Pitching: RHP Nate Bixler
|
|
|
Batting: RHB John Piccolo
|
0-0: Called Strike 0-1: Called Strike 0-2: Strikes out swinging
|
|
Pinch Hitting: SHB Xavier Alaniz
|
0-0: Ball 1-0: Ball 2-0: Foul Ball, location: 2F 2-1: Ball 3-1: Foul Ball, location: 2F 3-2: Foul Ball, location: 2F 3-2: Foul Ball, location: 2F 3-2: Base on Balls Chris Fandino to second
|
|
Batting: RHB Mike Plugge
|
0-0: Ball 1-0: SINGLE (Groundball, 34D, EV 101.2 MPH) Chris Fandino to third Xavier Alaniz to second
|
|
Batting: RHB Jerry Sanchez
|
0-0: Fly out, F7 (Flyball, 78M, EV 85.0 MPH)
|
|
Batting: RHB Seth Tramontano
|
0-0: Foul Ball, location: 2F 0-1: Called Strike 0-2: Strikes out looking
|
| Top of the 7th over - 0 runs, 1 hit, 0 errors, 3 left on base; Tulsa 2 - Mobile 7 |
| BOTTOM OF THE 7TH |
|
Mobile BayBears batting - Pitching for Tulsa Drillers : RHP Arturo Naranjo
|
|
Now at 2B: Curt Earnest
|
|
|
Batting: RHB Marlon Reda
|
0-0: Called Strike 0-1: Ball 1-1: Ground out U3 (Groundball, 34, EV 104.4 MPH)
|
|
Batting: RHB Chris Bittner
|
0-0: Called Strike 0-1: Ball 1-1: Foul Ball, location: 2F 1-2: Foul Ball, location: 2F 1-2: Hit by Pitch
|
|
Batting: RHB Andy Schuett
|
0-0: Swinging Strike 0-1: Swinging Strike 0-2: Foul Ball, location: 2F 0-2: Foul Ball, location: 2F 0-2: Ball 1-2: Grounds into double play, 6-4-3 (Groundball, 6, EV 87.5 MPH)
|
| Bottom of the 7th over - 0 runs, 0 hits, 0 errors, 0 left on base; Tulsa 2 - Mobile 7 |
| TOP OF THE 8TH |
|
Tulsa Drillers batting - Pitching for Mobile BayBears : RHP Nate Bixler
|
|
Batting: RHB Sam Saunders
|
0-0: Ball 1-0: Ball 2-0: SOLO HOME RUN (Flyball, 7D, EV 95.6 MPH), Distance : 371 ft
|
|
Pitching: RHP Manuel Maldonado
|
|
|
Batting: SHB Shane Marcum
|
0-0: Called Strike 0-1: Foul Ball, location: 2F 0-2: Foul Ball, location: 2F 0-2: Foul Ball, location: 2F 0-2: SOLO HOME RUN (Line Drive, 7D, EV 97.5 MPH), Distance : 377 ft
|
|
Pinch Hitting: LHB Jose Robles
|
0-0: Foul Ball, location: 2F 0-1: Ball 1-1: Ball 2-1: Swinging Strike 2-2: Ball 3-2: Ground out 6-3 (Groundball, 6, EV 103.8 MPH)
|
|
Batting: LHB Chris Fandino
|
0-0: Ball 1-0: Ball 2-0: Called Strike 2-1: Fly out, F7 (Flyball, 78M, EV 83.1 MPH)
|
|
Batting: RHB John Piccolo
|
0-0: Foul Ball, location: 2F 0-1: Called Strike 0-2: Strikes out swinging
|
| Top of the 8th over - 2 runs, 2 hits, 0 errors, 0 left on base; Tulsa 4 - Mobile 7 |
| BOTTOM OF THE 8TH |
|
Mobile BayBears batting - Pitching for Tulsa Drillers : RHP Arturo Naranjo
|
|
Now in LF: Nick Getz
|
|
|
Now in CF: Seth Tramontano
|
|
|
Batting: RHB Yasuo Nakata
|
0-0: Ball 1-0: Called Strike 1-1: Ball 2-1: Swinging Strike 2-2: Foul Ball, location: 2F 2-2: Foul Ball, location: 2F 2-2: DOUBLE (Flyball, 8LXD, EV 105.0 MPH)
|
|
Batting: RHB Curt Barrett
|
0-0: Ground out 5-3 (Groundball, 25, EV 85.0 MPH)
|
|
Batting: LHB Kevin Ferguson
|
0-0: Ball 1-0: Ground out 5-3 (Groundball, 5, EV 92.5 MPH)
|
|
Batting: LHB T.J. Duvall
|
0-0: Ball 1-0: Foul Ball, location: 2F 1-1: Called Strike 1-2: Ball 2-2: Fly out, F8 (Line Drive, 8LM, EV 100.6 MPH)
|
| Bottom of the 8th over - 0 runs, 1 hit, 0 errors, 1 left on base; Tulsa 4 - Mobile 7 |
| TOP OF THE 9TH |
|
Tulsa Drillers batting - Pitching for Mobile BayBears : RHP Manuel Maldonado
|
|
Pitching: RHP Mike Stover
|
|
|
Batting: RHB Curt Earnest
|
0-0: Foul Ball, location: 2F 0-1: Ball 1-1: Ball 2-1: Called Strike 2-2: Foul Ball, location: 2F 2-2: SINGLE (Groundball, 6M, EV 103.1 MPH) (infield hit)
|
|
Batting: RHB Mike Plugge
|
0-0: Called Strike 0-1: Ball 1-1: Swinging Strike 1-2: SINGLE (Groundball, 6MD, EV 106.2 MPH) Curt Earnest to second
|
|
Batting: RHB Jerry Sanchez
|
0-0: Ball 1-0: Foul Ball, location: 2F 1-1: Called Strike 1-2: Ball 2-2: Ball 3-2: Fielders Choice at 2nd, 5-4 (Groundball, 56, EV 84.4 MPH) Curt Earnest to third
|
|
Batting: RHB Seth Tramontano
|
0-0: Ball 1-0: Ball 2-0: Ball 3-0: Base on Balls Jerry Sanchez to second
|
|
Pitching: RHP Eric Richards
|
|
|
Batting: RHB Sam Saunders
|
0-0: Foul Ball, location: 2F 0-1: Called Strike 0-2: Ball 1-2: Strikes out looking
|
|
Batting: SHB Shane Marcum
|
0-0: Called Strike 0-1: Ball 1-1: Fly out, F8 (Flyball, 8RXD, EV 91.2 MPH)
|
| Top of the 9th over - 0 runs, 2 hits, 0 errors, 3 left on base; Tulsa 4 - Mobile 7 |
|